 Dungeon Crawl Stone Soup version 0.17-a0-1-g1f4be75 (webtiles) character file.

175 Charizard2991 the Shooter (level 5, -1/34 HPs)
             Began as a High Elf Hunter on Mar 2, 2015.
             Slain by an orc
             ... wielding a +0 flail
              (3 damage)
             ... on level 3 of the Dungeon on Mar 3, 2015.
             The game lasted 00:31:10 (3012 turns).

Charizard2991 the Shooter (High Elf Hunter)         Turns: 3012, Time: 00:31:11

Health: -1/34      AC:  5    Str: 11    XL:     5   Next: 29%
Magic:  8/8        EV: 13    Int: 15    God:
Gold:   70         SH:  0    Dex: 16    Spells: 0 memorised, 4 levels left

rFire  . . .     SeeInvis .     l - +0 hunting sling
rCold  . . .     Clarity  .     d - +1 leather armour
rNeg   . . .     SustAb   .     (no shield)
rPois  +         Gourm    .     y - +0 helmet
rElec  .         Spirit   .     (no cloak)
rCorr  .         Warding  .     (no gloves)
rMut   .         Stasis   .     (no boots)
MR     .....                    (no amulet)
Stlth  +++.......               A - ring of stealth
                                i - ring of poison resistance

@: not resistant to hostile enchantments, fairly stealthy
A: no striking features
a: no special abilities


You were on level 3 of the Dungeon.
You were full.

You visited 1 branch of the dungeon, and saw 3 of its levels.

You collected 70 gold pieces.

Inventory:

Hand weapons
 a - a +0 short sword
 b - a +1 shortbow
 c - a +0 club
 g - a +0 dagger
 k - a +0 club
 l - a +0 hunting sling (weapon)
 m - a +0 dagger
 n - a +0 club
 o - a +0 club
 r - a cursed -2 club
 s - a +0 club
 w - a +2 mace of protection
 z - a +0 hand axe
 F - a +0 dagger
 I - a +0 club
 K - a +0 hunting sling
Missiles
 e - 71 stones (quivered)
 j - 24 poisoned needles
 v - 16 arrows of flame
 C - an arrow
 G - 15 sling bullets of flame
 H - 3 tomahawks
Armour
 d - a +1 leather armour (worn)
 h - a +0 robe
 x - a +0 animal skin
 y - a +0 helmet (worn)
 M - a +0 centaur barding
 P - a +0 leather armour
Jewellery
 i - a ring of poison resistance (left hand)
 p - an uncursed ring of see invisible
 A - a ring of stealth (right hand)
Scrolls
 f - 2 scrolls of remove curse
 L - a scroll of recharging {unknown}
 N - a scroll of identify
Potions
 q - a potion of haste {unknown}
 u - 2 potions of might
 B - 2 potions of magic
 E - a potion of heal wounds {unknown}
 J - a potion of restore abilities {unknown}
Comestibles
 t - 2 chunks of flesh
 O - a bread ration


   Skills:
 + Level 2.1 Fighting
 + Level 1.2(1.3) Slings
 + Level 7.3 Bows
 + Level 0.7(1.3) Throwing
 + Level 1.0 Armour
 + Level 3.1 Dodging
 + Level 1.2 Stealth


You had 4 spell levels left.
You didn't know any spells.

Dungeon Overview and Level Annotations

Branches:
Dungeon (3/15)

Altars:
Sif Muna


Message History

The orc hits you with a flail.
* * * LOW HITPOINT WARNING * * *
The orc misses you. The orc hits you but does no damage.
The orc zaps a wand.
You resist with some effort. The orc closely misses you.
The orc barely misses you. The orc barely misses you. The orc misses you.
The orc barely misses you. The orc closely misses you. The orc misses you.
The orc misses you. The orc hits you with a mace.
* * * LOW HITPOINT WARNING * * *
Firing (i - inventory. (,) - cycle):
D - a sling bullet (quivered)
Press: ? - help, Shift-Dir - straight line, f - orc
Aim: an orc, wielding a mace and carrying a wand of confusion {zapped: 2} You shoot a sling bullet.
The orc shouts!
The sling bullet hits the orc!
You kill the orc!
The orc hits you with a flail.
You die...

.... .# . ..... .. .! . .$....
##... #. . #.....###...# . #
.#. ###.....(..... ... .... ...
........#[...# #.# #... #..
.............#####.###..# #.>
............o...##.##...# ##..
....#.(..((..)@..##.##.#.###...
......(....(.(...........#...#.
........##....#.###..#.#.......
...##(. ##..##......#...รท###..
. #.. #.o######......###...
#...#########...>.......#.
..#.# #.............##. .S###.#
#.##..........# .
..###.######.#...........##


You could see 2 orcs.

Vanquished Creatures
  An orc wizard (D:3)
  A worker ant (D:3)
  Ijyb (D:3)
  Robin (D:2)
  An adder (D:2)
  A giant mite (D:3)
  A worm (D:2)
  A giant gecko (D:1)
  4 orcs (D:3)
  9 goblins
  15 hobgoblins
  7 jackals
  7 bats
  6 giant cockroaches
  A giant newt (D:1)
  9 kobolds
  7 rats
73 creatures vanquished.

Notes
Turn   | Place    | Note
--------------------------------------------------------------
     0 | D:1      | Charizard2991, the High Elf Hunter, began the quest for the Orb.
     0 | D:1      | Reached XP level 1. HP: 14/14 MP: 2/2
   220 | D:1      | Reached XP level 2. HP: 12/19 MP: 3/3
   337 | D:1      | Reached skill level 6 in Bows
   891 | D:2      | Reached XP level 3. HP: 18/24 MP: 5/5
   935 | D:2      | Noticed Robin
   949 | D:2      | Killed Robin
  1241 | D:2      | Reached skill level 7 in Bows
  1319 | D:2      | Reached XP level 4. HP: 24/29 MP: 7/7
  2716 | D:3      | Found a deep blue altar of Sif Muna.
  2915 | D:3      | Reached skill level 1 in Armour
  2915 | D:3      | Reached XP level 5. HP: 15/34 MP: 8/8
  2918 | D:3      | Reached skill level 1 in Slings
  2927 | D:3      | Noticed Ijyb
  2948 | D:3      | Upgraded the game from 0.16-a0-4127-g24fbb24 to 0.17-a0-1-g1f4be75
  2950 | D:3      | Killed Ijyb
  3012 | D:3      | Slain by an orc

Action                   |  1- 3 |  4- 6 || total
-------------------------+-------+-------++-------
Melee: Shortbow          |    12 |     4 ||    16
       Mace              |     8 |    41 ||    49
 Fire: Shortbow          |   113 |    12 ||   125
       Hunting sling     |       |    74 ||    74
Throw: Stone             |    30 |    14 ||    44
  Use: Scroll            |     7 |     4 ||    11
  Eat: Chunk             |     1 |     1 ||     2
       Bread ration      |       |     2 ||     2
